 Dungeon Crawl Stone Soup version 0.30-a0-743-gbfdf073431 (webtiles) character file.

Game seed: 9354954536478603360

170 Dittersdorf the Covered (level 5, -5/34 HPs)
             Began as a Gargoyle Fighter on Feb 7, 2023.
             Slain by a gnoll sergeant
             ... wielding a +0 spear
              (8 damage)
             ... on level 4 of the Dungeon.
             The game lasted 00:04:03 (2187 turns).

Dittersdorf the Covered (Gargoyle Fighter)          Turns: 2187, Time: 00:04:03

Health: -5/34      AC: 14    Str: 21    XL:     5   Next: 51%
Magic:  5/5        EV:  7    Int:  9    God:
Gold:   221        SH:  5    Dex: 15    Spells: 4/4 levels left

rFire   . . .      SeeInvis +    a - +1 flail
rCold   . . .      Faith    .    c - +0 buckler
rNeg    + . .      Spirit   .    v - +0 chain mail
rPois   ∞          Reflect  .    (no helmet)
rElec   +          Harm     .    k - +0 cloak
rCorr   .          Rampage  .    (no gloves)
Will    .....                    (no boots) Stlth
                                 (no amulet)
HPRegen 0.25/turn                q - ring "Ushi" {Dex+6 Slay-3 SInv}
MPRegen 0.09/turn                (no ring)

@: no status effects
A: sickness immunity, AC +4, negative energy resistance 1, electricity
resistance, torment resistance 1, petrification resistance
a: no special abilities


You were on level 4 of the Dungeon.
You visited 1 branch of the dungeon, and saw 4 of its levels.

You collected 221 gold pieces.

Inventory:

Hand Weapons
 a - a +1 flail (weapon)
Missiles
 w - 5 curare-tipped darts (quivered)
Armour
 c - a +0 buckler (worn)
 k - a +0 cloak (worn)
 v - a +0 chain mail (worn)
Jewellery
 q - the ring "Ushi" (left hand) {Dex+6 Slay-3 SInv}
   (You found it on level 2 of the Dungeon)

   [ring of see invisible]

   Dex:       It affects your dexterity (+6).
   Slay:      It affects your accuracy & damage with ranged weapons and melee
   (-3).
   SInv:      It lets you see invisible.
Scrolls
 e - a scroll of magic mapping {unknown}
 i - a scroll of teleportation
 m - a scroll of enchant weapon
Potions
 b - a potion of invisibility {unknown}
 d - a potion of might
 g - 2 potions of curing {unknown}
 j - 2 potions of heal wounds {unknown}
 o - a potion of mutation
 p - a potion of flight
 r - a potion of haste
 s - 2 potions of brilliance {unknown}


   Skills:
 + Level 4.3 Fighting
 + Level 3.2 Maces & Flails
 + Level 4.3 Armour
 + Level 4.3 Shields


You had 4 spell levels left.
You didn't know any spells.
Your spell library contained the following spells:

 Spells                   Type           Power      Damage    Failure   Level
 Magic Dart               Conj           0%         1d3       99%         1
 Searing Ray              Conj           0%         2d4       100%        2
 Fulminant Prism          Conj/Hex       0%         3d5       100%        4


Dungeon Overview and Level Annotations

Branches:
Dungeon (4/15)
 Temple: D:4-7

Altars:
Cheibriados

Shops:
D:1 *[=!


Innate Abilities, Weirdness & Mutations

You are immune to sickness and miasma.
Your stone body is resilient. (AC +4)
You are immune to poison.
You resist negative energy. (rN+)
You are resistant to electric shocks. (rElec)
You are resistant to unholy torment.
You are immune to petrification.


Message History

a +3 short sword; an orc corpse
There is an open door here.
You sock the gnoll!
The gnoll is almost dead.
The gnoll hits you but does no damage.
You barely miss the gnoll.
The gnoll is almost dead.
The gnoll hits you but does no damage.
You thump the gnoll!
You kill the gnoll!
Found 8 stones.
Found a book of Vapours.
Found 17 gold pieces and a scroll labelled FAAHIB VENOHEU.
You see here 8 stones.
You now have 221 gold pieces (gained 17).
You see here a scroll labelled FAAHIB VENOHEU.
e - a scroll labelled FAAHIB VENOHEU You block the gnoll sergeant's attack.
You block the gnoll sergeant's attack.
You hit the gnoll sergeant.
The gnoll sergeant is lightly wounded.
The gnoll sergeant hits you but does no damage.
The gnoll hits you with a +0 flail!
You hit the gnoll sergeant.
The gnoll sergeant is moderately wounded.
You block the gnoll's attack.
The gnoll sergeant hits you with a +0 spear.
* * * LOW HITPOINT WARNING * * *
The gnoll sergeant hits you with a +0 spear.
* * * LOW HITPOINT WARNING * * *
The gnoll hits you with a +0 flail.
* * * LOW HITPOINT WARNING * * *
You hit the gnoll sergeant but do no damage.
The gnoll sergeant is moderately wounded.
The gnoll sergeant hits you but does no damage.
The gnoll barely misses you.
You barely miss the gnoll sergeant.
The gnoll sergeant is moderately wounded.
The gnoll sergeant hits you with a +0 spear!
You die...

.......#...........#
......+...........#
#...###.####'##..###
######...###(####)######.
.............#....#...#..
.............#....#...#..
.............#....'...#..
........gg...#....#...'..
####.##.@######..###..##.
# ##.:## #'# #..##.
#....# ... .....#. +....#
.... ......+.
##...##...######.##.
######.. #####


You could see a gnoll sergeant and a gnoll.

Vanquished Creatures
  6 gnolls
  4 adders
  2 dart slugs
  An orc (D:4)
  6 ball pythons
  7 endoplasms
  4 giant cockroaches
  8 goblins
  7 hobgoblins
  4 jackals (D:1)
  6 kobolds
  5 bats
  5 frilled lizards
  5 rats (D:1)
70 creatures vanquished.

Notes
Turn   | Place    | Note
-------+----------+-------------------------------------------
     0 | D:1      | Dittersdorf the Gargoyle Fighter began the quest for the
                  | Orb.
     0 | D:1      | Reached XP level 1. HP: 14/14 MP: 1/1
    57 | D:1      | Found Totuku Iqop's Distillery.
   186 | D:1      | Reached XP level 2. HP: 19/19 MP: 2/2
   191 | D:1      | Found Lauteis's Assorted Antiques.
   194 | D:1      | Found Ybim Hyt's Armour Emporium.
   207 | D:1      | Found Uhym's Jewellery Boutique.
   317 | D:1      | Reached XP level 3. HP: 21/24 MP: 3/3
   705 | D:2      | Found a faded altar of an unknown god.
   732 | D:2      | Reached XP level 4. HP: 25/29 MP: 4/4
  1201 | D:2      | Identified the ring "Ushi" {Dex+6 Slay-3 SInv}
  1360 | D:3      | Reached XP level 5. HP: 32/33 MP: 5/5
  1556 | D:3      | Found a snail-covered altar of Cheibriados.
  2187 | D:4      | Slain by a gnoll sergeant

Illustrated notes

Levels and vault maps discovered:
D:1:      wander_arrival_peaceful_grave, layout_basic, serial_shops, shop,
          nicolae_shop_behind_doors,
          nicolae_shop_temple_entry_statues_fountains,
          nicolae_shop_window_shopping
D:2:      layout_rooms, ebering_ecumenical_altar_petrified
D:3:      layout_basic, mainiacjoe_overflow_six_doors_small
D:4:      layout_gridville, portal_sewer_entry_a

Skill      XL: |  1  2  3  4 |
---------------+-------------+-----
Fighting       | 4 |  4.3
Armour         | 4 |  4.3
Shields        | 4 |  4.3
Maces & Flails | 3 |  3.2

Action                     |  1- 3 |  4- 6 || total
---------------------------+-------+-------++-------
  Melee: Flail             |   116 |   120 ||   236
    Use: Scroll            |       |    11 ||    11
 Armour: Scale mail        |    86 |    39 ||   125
         Chain mail        |       |    30 ||    30
  Dodge: Dodged            |    76 |    60 ||   136
  Block: Buckler           |    27 |    22 ||    49

Table legend: (Time is in decaauts)
 A = Elapsed time spent in this place.
 B = Non-inter-level travel time spent in this place.
 C = Inter-level travel time spent in this place.
 D = Time resting spent in this place.
 E = Time spent auto-exploring this place.
 F = Levels seen in this place.
 G = Mean time per level.
                   A        B        C        D        E       F      G
               +--------+--------+--------+--------+--------+-----+--------+
         Total |   2258 |   2187 |     71 |     86 |   1440 |   4 |  564.5 |
       Dungeon |   2258 |   2187 |     71 |     86 |   1440 |   4 |  564.5 |
               +--------+--------+--------+--------+--------+-----+--------+

Top non-repeatable levels by time:
     D:1: 822 daAuts
     D:3: 706 daAuts
     D:2: 592 daAuts
     D:4: 138 daAuts
